 Dungeon Crawl Stone Soup version 0.28.0-45-g0d030f2227 (webtiles) character file.

Game seed: 11036980638145371254

20 pkoi the Conjurer (level 2, -1/20 HPs)
             Began as a Demigod Conjurer on Apr 13, 2022.
             Killed from afar by an orc wizard (10 damage)
             ... with a magic dart
             ... on level 4 of the Dungeon.
             The game lasted 00:01:14 (1844 turns).

pkoi the Conjurer (Demigod Conjurer)                Turns: 1844, Time: 00:01:15

Health: -1/20      AC:  3    Str:  8    XL:     2   Next: 42%
Magic:  7/7        EV: 12    Int: 20    God:
Gold:   41         SH:  0    Dex: 12    Spells: 1/4 levels left

rFire   . . .      SeeInvis .   d - +0 short sword
rCold   . . .      Faith    .   (no shield)
rNeg    . . .      Spirit   .   a - +0 robe
rPois   .          Reflect  .   (no helmet)
rElec   .          Harm     .   (no cloak)
rCorr   .          Rampage  .   j - +0 pair of gloves
Will    .....                   (no boots)
Stlth   ++........              (no amulet)
HPRegen 0.06/turn               (no ring)
MPRegen 0.10/turn               (no ring)

@: no status effects
A: high MP 1, forlorn, divine attributes
a: no special abilities


You were on level 4 of the Dungeon.
You visited 1 branch of the dungeon, and saw 3 of its levels.

You collected 41 gold pieces.

Inventory:

Hand Weapons
 c - a +0 hunting sling
 d - a +0 short sword (weapon)
Armour
 a - a +0 robe (worn)
 j - a +0 pair of gloves (worn)
Jewellery
 h - a ring of fire
Scrolls
 b - a scroll of magic mapping {unknown}
 f - a scroll of identify {unknown}
 g - a scroll of noise {unknown}
 k - a scroll of immolation {unknown}
Potions
 e - a potion of lignification {unknown}
 i - a potion of attraction {unknown}


   Skills:
 - Level 1.7 Dodging
 - Level 1.7 Stealth
 - Level 1.7 Spellcasting
 + Level 4.3 Conjurations


You had one spell level left.
You knew the following spells:

 Your Spells              Type           Power      Damage    Failure   Level
a - Magic Dart            Conj           76%        1d6       2%          1
b - Searing Ray           Conj           38%        2d5       4%          2

Your spell library contained the following spells:

 Spells                   Type           Power      Damage    Failure   Level
 Dazzling Flash           Conj/Hex       20%        N/A       21%         3
 Fulminant Prism          Conj/Hex       5%         3d7       54%         4
 Iskenderun's Mystic Bla  Conj/Tloc      10%        2d4       54%         4


Dungeon Overview and Level Annotations

Branches:
Dungeon (2/15)

Shops:
D:1 [


Innate Abilities, Weirdness & Mutations

You have an increased reservoir of magic. (+10% MP)
You shall have no god before yourself.
Your divine heritage dramatically boosts your attributes as you level up.


Message History

You see here a +0 pair of gloves.
j - a +0 pair of gloves You start putting on your armour.
You continue putting on your +0 pair of gloves. x4
You finish putting on your +0 pair of gloves.
Found a stone staircase leading up.
There is a stone staircase leading up here.
Found a stone staircase leading down.
A rat comes into view.
A rat is nearby!
The magic dart hits the rat.
You kill the rat!
You can't see any susceptible monsters within range! (Use Z to cast anyway.)
You can't see any susceptible monsters within range! (Use Z to cast anyway.) Magic restored.
k - a scroll labelled ANLOFR EDOYPP You see here a rat corpse.
Found a leather armour.
A sourceless malevolence fills the Dungeon...
You fall into a shaft and drop 2 floors!
The shaft crumbles and collapses.
A goblin, 2 orcs, an orc priest and 2 orc wizards come into view.
The goblin is wielding a +0 dagger of venom.
The goblin shouts!
The orc wizard shouts!
The orc shouts! x2
The orc priest shouts!
Casting: Magic Dart (safe; 2% risk of failure)
Confirm with . or Enter, or press ? or * to list all spells.
Okay, then.
The orc wizard shouts!
The orc priest invokes the aid of Beogh against you.
Beogh smites you!
Ouch! That really hurt!
* * * LOW HITPOINT WARNING * * *
A hobgoblin comes into view.
Found a stone staircase leading down.
Found 16 gold pieces.
The orc wizard gestures at you while chanting.
The magic dart hits you!
Ouch! That really hurt!
You die...

$# .# .# .#
.# .#
##########.#
g...>....@.#
#.####.##.#
##.##.#
#.o.#o##.
#...ogoo.#
#...#.....
##########


You could see 2 orc wizards and a goblin.

Vanquished Creatures
  2 endoplasms (D:1)
  A goblin (D:2)
  3 hobgoblins
  2 jackals (D:1)
  A quokka (D:1)
  2 bats
  4 kobolds (D:1)
  2 rats
17 creatures vanquished.

Notes
Turn   | Place    | Note
-------+----------+-------------------------------------------
     0 | D:1      | pkoi the Demigod Conjurer began the quest for the Orb.
     0 | D:1      | Reached XP level 1. HP: 14/14 MP: 5/5
   420 | D:1      | Reached skill level 4 in Conjurations
   422 | D:1      | Found Piomehir's Armour Boutique.
   724 | D:1      | Reached XP level 2. HP: 20/20 MP: 1/7
  1492 | D:2      | Learned a level 2 spell: Searing Ray
  1839 | D:2      | You fall into a shaft and drop 2 floors!
  1844 | D:4      | Killed from afar by an orc wizard

Illustrated notes

Levels and vault maps discovered:
D:1:      giann_horns, layout_basic, ebering_ecumenical_altar_ruins,
          serial_shops, shop
D:2:      layout_loops_ring, serial_forest, infiniplex_forest_lined_4_way,
          infiniplex_forest_clump_diagonal, infiniplex_forest_side_room,
          infiniplex_forest_clump_curved
D:4:      layout_loops_ring

Skill      XL: |  1 |
---------------+----+-----
Conjurations   | 4 |  4.3
Dodging        | |  1.7
Stealth        | |  1.7
Spellcasting   | |  1.7

Action                   || total
-------------------------++-------
 Cast: Magic Dart        ||    36
Armor: Robe              ||     1
Dodge: Dodged            ||     1
